 Dungeon Crawl Stone Soup version 0.31.0-12-g77e489cdc1 (webtiles) character file.

Game seed: 13610127337102853201

25 ChrisAssaf the Ruffian (level 3, -2/16 HPs)
             Began as a Human Shapeshifter on Feb 28, 2024.
             Slain by a hobgoblin (3 damage)
             ... on level 1 of the Dungeon.
             The game lasted 00:03:12 (534 turns).

ChrisAssaf the Ruffian (Human Shapeshifter)          Turns: 534, Time: 00:03:13

Health: -2/16      AC:  0    Str: 14    XL:     3   Next: 6%
Magic:  3/3        EV: 16    Int: 12    God:
Gold:   34         SH:  0    Dex: 12    Spells: 2/2 levels left

rFire   . .          .
                       - Unarmed
rCold   . . .        (shield currently unavailable)
rNeg    . . .        a - melded +0 animal skin
rPois   .            (no helmet)
rElec   .            (no cloak)
rCorr   .            (no gloves)
SInv    .            (no boots)
Will    .....        (no amulet)
Stlth   +            (no ring)
HPRegen 0.22/turn    (no ring)
MPRegen 0.08/turn

%: no passive effects
@: flux-form, glowing
A: glow, contaminating, reduced hp, explore regen
a: Begin Untransformation


You were on level 1 of the Dungeon.
You were something dangerously unstable.
You visited 1 branch of the dungeon, and saw 2 of its levels.

You collected 34 gold pieces.

Inventory:

Armour
 a - a +0 animal skin (melded)
Talismans
 c - a beast talisman
 d - a flux talisman (active)
Potions
 b - a potion of lignification
 f - a potion of might {unknown}


   Skills:
 * Level 1.1 Fighting
 * Level 0.4 Armour
 * Level 2.1 Dodging
 * Level 0.4 Stealth
 * Level 3.4 Unarmed Combat
 * Level 3.3 Shapeshifting


You had 2 spell levels left.
You didn't know any spells.
Your spell library contained the following spells:

 Spells                   Type           Power      Damage    Failure   Level
 Inner Flame              Hex/Fire       0%         N/A       69%         3
 Irradiate                Conj/Alch      0%         3d11      100%        5
 Ignition                 Fire           0%         3d3       100%        8


Dungeon Overview and Level Annotations

Branches:
Dungeon (2/15)

Altars:


Innate Abilities, Weirdness & Mutations

You are something dangerously unstable.
You glow with magical radiation, making you easy to see and hit.
Foes you strike become dangerously contaminated with magical radiation.
Your maximum health is decreased, since you lack skill for your form.
You are incapable of wielding weapons or throwing items.
You regain HP and MP as you explore.


Message History

There is a stone staircase leading up here.
An endoplasm comes into view.
There is a stone staircase leading up here.
The hobgoblin misses you.
You hit the hobgoblin.
The hobgoblin begins to glow.
The hobgoblin is moderately wounded.
The hobgoblin hits you.
You closely miss the frilled lizard. The frilled lizard closely misses you.
The hobgoblin hits you.
You closely miss the frilled lizard. The frilled lizard barely misses you.
The frilled lizard closely misses you. The hobgoblin closely misses you.
You hit the frilled lizard.
You kill the frilled lizard!
The frilled lizard barely misses you. The hobgoblin closely misses you.
The hobgoblin stops glowing.
There is a stone staircase leading up here.
You see here a frilled lizard corpse.
You hit the endoplasm.
The endoplasm begins to glow.
The endoplasm is moderately wounded.
The endoplasm closely misses you. The hobgoblin misses you.
The frilled lizard closely misses you. The hobgoblin hits you.
The endoplasm closely misses you. The frilled lizard barely misses you.
You climb upwards.
There is a stone staircase leading down here.
You hit the frilled lizard.
The frilled lizard begins to glow.
The frilled lizard is heavily wounded.
The endoplasm freezes you.
You are frozen.
The hobgoblin closely misses you. The frilled lizard misses you.
You closely miss the frilled lizard.
The frilled lizard is heavily wounded.
The endoplasm freezes you.
You are frozen.
The hobgoblin hits you.
* * * LOW HITPOINT WARNING * * *
The frilled lizard closely misses you.
You closely miss the frilled lizard.
The frilled lizard is heavily wounded.
The endoplasm stops glowing.
The endoplasm misses you. The hobgoblin hits you.
You die...

#...# ...
... #.#
#######.#
.......†#
#######.#
#l# ###p#
#.gJ#
#...#
#.### #.#
#.# #.#
#.# ##
#.#


You could see an endoplasm, a hobgoblin and a frilled lizard (contam).

Vanquished Creatures
  A ball python (D:1)
  A bat (D:1)
  3 endoplasms (D:1)
  3 giant cockroaches (D:1)
  2 goblins (D:1)
  2 hobgoblins (D:1)
  A jackal (D:1)
  2 quokkas (D:1)
  2 frilled lizards
  2 kobolds (D:1)
  3 rats (D:1)
22 creatures vanquished.

Notes
Turn   | Place    | Note
-------+----------+-------------------------------------------
     0 | D:1      | ChrisAssaf the Human Shapeshifter began the quest for the
                  | Orb.
     0 | D:1      | Reached XP level 1. HP: 15/15 MP: 1/1
   188 | D:1      | Reached XP level 2. HP: 12/21 MP: 2/2
   424 | D:1      | Reached XP level 3. HP: 16/26 MP: 3/3
   534 | D:1      | Slain by a hobgoblin

Illustrated notes

Levels and vault maps discovered:
D:1:      mrwooster_arrival_statue_3, layout_loops_ring
D:2:      layout_rooms

Action                     || total
---------------------------++-------
  Melee: Unarmed           ||    83
    Use: Scroll            ||     2
 Armour: Animal skin       ||     9
         Skin              ||    20
  Dodge: Dodged            ||    76
   Form: Flux              ||     1
